 Dungeon Crawl Stone Soup version bcrawl-1.36.4 (webtiles) character file.

Game seed: 11820658346802601143

126990 PeterMcNeter the Digger (level 3, 26/26 HPs)
             Began as a Sand Dwarf Earth Elementalist on June 24, 2022.
             Got out of the dungeon alive.
             The game lasted 00:01:47 (650 turns).

PeterMcNeter the Digger (SDEE)                       Turns: 650, Time: 00:01:47

Health: 26/26      AC:  2    Str: 12    XL:     3   Next: 10%
Magic:  6/6        EV: 14    Int: 16    God:
Gold:   23         SH:  0    Dex: 11    Spells: 2/6 levels left

rFire    . . .     SeeInvis .     - Fists (4.3)
rCold    . . .     Gourm    .   (shield restricted)
rNeg     . . .     Faith    .   c - +0 robe
rPois    .         Spirit   .   (no helmet)
rElec    .         Reflect  .   (no cloak)
rCorr    .                      (no gloves)
MR       .....                  (no boots)
Stlth    ++........             (no amulet)
HPRegen  0.08/turn              (no ring)
MPRegen  0.10/turn              (no ring)

@: slow
A: small, slowness 1, armour attunement
a: no special abilities


You escaped.
You were not hungry.

You visited 1 branch of the dungeon, and saw 1 of its levels.

You collected 23 gold pieces.

Inventory:

Missiles
 b - 420 stones (quivered)
Armour
 c - a +0 robe (worn)
Comestibles
 a - 4 chunks of flesh
 e - 3 rations {!d}


   Skills:
 - Level 1.5 Dodging
 + Level 2.1 Stealth
 - Level 1.1 Unarmed Combat
 + Level 2.4 Spellcasting
   Level 0.7 Transmutations
 + Level 4.1 Earth Magic


You had 2 spell levels left.
You knew the following spells:

 Your Spells              Type           Power        Failure   Level  Hunger
a - Sandblast             Erth           ###...       3%          1    None
x - Stone Arrow           Conj/Erth      #.....       26%         3    ####...

Your spell library contained the following spells:

 Spells                   Type           Power        Failure   Level  Hunger
 Passwall                 Tmut/Erth      #.......     11%         2    ##.....
 Petrify                  Tmut/Erth      #.........   58%         4    ######.
 Lee's Rapid Deconstruct  Erth           ###.......   69%         5    #######


Dungeon Overview and Level Annotations

Branches:
Dungeon (1/12)

Altars:


Innate Abilities, Weirdness & Mutations

You are small and have problems with some larger weapons.
You cover ground slowly.
Armour does not affect your spellcasting.


Message History

b - 250 stones A hobgoblin comes into view.
It is wielding a +0 club.
Casting: Sandblast (safe; 4% risk of failure)
Confirm with . or Enter, or press ? or * to list all spells.
Aiming: Sandblast (safe; 4% risk of failure)
Press: ? - help, Shift-Dir - straight line, f - hobgoblin
Aim: a hobgoblin, wielding a +0 club The blast of sand hits the hobgoblin!
You kill the hobgoblin!
b - 240 stones Unknown command.
You see here a +0 club.
b - 480 stones (gained 240)
A rat comes into view.
Casting: Sandblast (safe; 4% risk of failure)
Confirm with . or Enter, or press ? or * to list all spells.
Aiming: Sandblast (safe; 4% risk of failure)
Press: ? - help, Shift-Dir - straight line, f - rat
Aim: a rat (resting)
The blast of sand hits the rat!
You kill the rat!
b - 470 stones You butcher the rat corpse.
a - 6 chunks of flesh (gained 1)
You see here a rat skeleton. x2
You see here a rat skeleton.
A dart slug comes into view.
Casting: Sandblast (safe; 4% risk of failure)
Confirm with . or Enter, or press ? or * to list all spells.
Aiming: Sandblast (safe; 4% risk of failure)
Press: ? - help, Shift-Dir - straight line, f - dart slug
Aim: a dart slug (resting)
The blast of sand hits the dart slug!
The dart slug is almost dead.
b - 460 stones Unknown command.
A dart slug is nearby!
Casting: Sandblast (safe; 4% risk of failure)
Confirm with . or Enter, or press ? or * to list all spells.
Aiming: Sandblast (safe; 4% risk of failure)
Press: ? - help, Shift-Dir - straight line, f/p - dart slug
Aim: a dart slug (almost dead)
The blast of sand hits the dart slug!
You kill the dart slug!
b - 450 stones Unknown command.
You butcher the dart slug corpse.
a - 7 chunks of flesh (gained 1) Some of the chunks of flesh in your inventory have rotted away.
A dart slug comes into view.
The dart slug launches a dart at you. The slug dart hits you.
Casting: Sandblast (safe; 4% risk of failure)
Confirm with . or Enter, or press ? or * to list all spells.
Aiming: Sandblast (safe; 4% risk of failure)
Press: ? - help, Shift-Dir - straight line, f - dart slug
Aim: a dart slug The blast of sand hits the dart slug!
The dart slug is almost dead.
b - 440 stones
Casting: Sandblast (safe; 4% risk of failure)
Confirm with . or Enter, or press ? or * to list all spells.
Aiming: Sandblast (safe; 4% risk of failure)
Press: ? - help, Shift-Dir - straight line, f/p - dart slug
Aim: a dart slug (almost dead)
The blast of sand hits the dart slug!
You kill the dart slug!
b - 430 stones You have reached level 3!
Your experience leads to an increase in your attributes!
Increase (S)trength, (I)ntelligence, or (D)exterity?
You feel clever.
You see here a dart slug corpse.
You butcher the dart slug corpse.
a - 7 chunks of flesh (gained 2) Search for what [? for help]? armor HP restored.
Things that are here:
a +0 falchion; a kobold skeleton Some of the chunks of flesh in your inventory have rotted away.
A bat comes into view.
Casting: Sandblast (safe; 3% risk of failure)
Confirm with . or Enter, or press ? or * to list all spells.
Aiming: Sandblast (safe; 3% risk of failure)
Press: ? - help, Shift-Dir - straight line, f - bat
Aim: a bat (resting)
The blast of sand hits the bat!
You kill the bat!
b - 420 stones Unknown command.
Memorise Stone Arrow, consuming 3 spell levels and leaving 2?
You start memorising the spell.
You continue memorising. x3
You finish memorising.
Spell assigned to 'x'.
You enter the shallow water.
Moving in this stuff is going to be slow.
You enter the shallow water.
Moving in this stuff is going to be slow.
There is a staircase leading out of the dungeon here.
Are you sure you want to leave the Dungeon?
This will make you lose the game!
You have escaped!

...........#....≈...##
.............≈...≈...#
#........#(..≈≈.≈.≈..#
......##.#.≈≈≈.≈.≈≈..#
......##.#.≈≈..≈.≈≈≈.#
......##.#.≈≈≈≈≈≈.≈≈.#
#...####.#..≈≈≈≈≈≈≈≈.#
#...# ###..≈≈≈≈≈....#
....# #≈..≈≈≈@≈≈.≈#
.#..# #≈..≈.≈≈≈..≈#
....# #≈≈.≈≈≈≈≈.≈≈#
...... #≈≈..≈≈≈..≈≈#
..#.##. #≈≈...≈...≈≈#
....# # #≈≈≈.....≈≈≈#
##... #≈≈≈≈...≈≈≈≈#
.### #≈≈≈≈...≈≈≈≈#


There were no monsters in sight!

Vanquished Creatures
  4 dart slugs (D:1)
  A leopard gecko (D:1)
  A bat (D:1)
  A giant cockroach (D:1)
  3 goblins (D:1)
  3 hobgoblins (D:1)
  2 kobolds (D:1)
  2 rats (D:1)
17 creatures vanquished.

Notes
Turn   | Place    | Note
-------+----------+-------------------------------------------
     0 | D:1      | PeterMcNeter the Sand Dwarf Earth Elementalist began the
                  | quest for the Orb.
     0 | D:1      | Reached XP level 1. HP: 14/14 MP: 3/3
    62 | D:1      | HP: 2/14 [goblin (4)]
    66 | D:1      | Reached XP level 2. HP: 3/20 MP: 0/5
   297 | D:1      | Reached skill level 4 in Earth Magic
   356 | D:1      | Reached skill level 2 in Stealth
   523 | D:1      | Reached XP level 3. HP: 21/26 MP: 3/6
   616 | D:1      | Learned a level 3 spell: Stone Arrow
   650 | D:$      | Got out of the dungeon alive.

Skill      XL: |  1  2 |
---------------+-------+-----
Earth Magic    | 4 |  4.1
Stealth        | 2 |  2.1
Dodging        | |  1.5
Unarmed Combat | |  1.1
Spellcasting   | |  2.4
Transmutations | |  0.7

Action                   || total
-------------------------++-------
Melee: Unarmed           ||     3
 Cast: Sandblast         ||    25
Armor: Robe              ||     1
Dodge: Dodged            ||    12

Levels and vault maps discovered:
D:1:      dpeg_arrival_more_subterranean_lakeside_camping, layout_loops_cross

Table legend:
 A = Turns spent in this place as a percentage of turns spent in the entire game.
 B = Non-inter-level travel turns spent in this place as a percentage of non-inter-level travel turns spent in the entire game.
 C = Inter-level travel turns spent in this place as a percentage of turns spent in this place.
 D = Turns resting spent in this place as a percentage of non-inter-level travel turns spent in this place.
 E = Turns spent auto-exploring this place as a percentage of non-inter-level travel turns spent in this place.
 F = Non-inter-level travel turns spent in this place divided by the number of levels of this place that you've seen.
                   A       B       C       D       E      F
               +-------+-------+-------+-------+-------+----------------------
         Total | 100.0 | 100.0 |   5.1 |  31.0 |  50.9 | 617.0
       Dungeon | 100.0 | 100.0 |   5.1 |  31.0 |  50.9 | 617.0
               +-------+-------+-------+-------+-------+----------------------

Table legend:
 A = Kills in this place as a percentage of kills in entire the game.
 B = Kills by you in this place as a percentage of kills by you in the entire game.
 C = Kills by friends in this place as a percentage of kills by friends in the entire game.
 D = Other kills in this place as a percentage of other kills in the entire game.
 E = Experience gained in this place as a percentage of experience gained in the entire game.
 F = Experience gained in this place divided by the number of levels of this place that you have seen.
                   A       B       C       D       E      F
               +-------+-------+-------+-------+-------+----------------------
         Total | 100.0 | 100.0 |   N/A |   N/A | 100.0 |  39.0
       Dungeon | 100.0 | 100.0 |   N/A |   N/A | 100.0 |  39.0
               +-------+-------+-------+-------+-------+----------------------
